 Dungeon Crawl Stone Soup version 0.31.0-11-ge490571c62 (webtiles) character file.

Game seed: 14371286302457014657

60 browni3141 the Shield-Bearer (level 3, -1/33 HPs)
             Began as a Minotaur Fighter on Jan 29, 2024.
             Slain by Crazy Yiuf
             ... wielding a +3 quarterstaff of chaos
              (17 damage)
             ... on level 2 of the Dungeon.
             The game lasted 00:00:35 (1653 turns).

browni3141 the Shield-Bearer (Minotaur Fighter)     Turns: 1653, Time: 00:00:35

Health: -1/33      AC:  7    Str: 22    XL:     3   Next: 80%
Magic:  2/2        EV:  9    Int:  5    God:
Gold:   137        SH:  4    Dex:  9    Spells: 2/2 levels left

rFire   + . .        a - +0 war axe
rCold   . . .        c - +0 buckler
rNeg    . . .        b - +0 scale mail
rPois   .            (helmet restricted)
rElec   .            (no cloak)
rCorr   .            (no gloves)
SInv    .            (no boots)
Will    .....        (no amulet) Stlth
                     k - ring of protection from fire
HPRegen 0.25/turn    (no ring)
MPRegen 0.08/turn

%: no passive effects
@: no status effects
A: horns 2, retaliatory headbutt
a: no special abilities


You were on level 2 of the Dungeon.
You visited 1 branch of the dungeon, and saw 2 of its levels.

You collected 137 gold pieces.

Inventory:

Hand Weapons
 a - a +0 war axe (weapon)
Armour
 b - a +0 scale mail (worn)
 c - a +0 buckler (worn)
Jewellery
 k - a ring of protection from fire (left hand)
Scrolls
 e - a scroll of acquirement {unknown}
 f - 2 scrolls of identify {unknown}
 g - a scroll of silence {unknown}
 h - 2 scrolls of fear {unknown}
 i - 2 scrolls of teleportation {unknown}
 j - a scroll of torment {unknown}
 l - a scroll of noise {unknown}
 p - a scroll of summoning {unknown}
Potions
 d - a potion of might
 m - a potion of enlightenment {unknown}
 n - a potion of resistance {unknown}
 o - a potion of heal wounds {unknown}
 q - a potion of haste {unknown}


   Skills:
 + Level 4.1 Fighting
 * Level 3.7 Axes
 + Level 4.1 Armour
 + Level 4.2 Shields


You had 2 spell levels left.
You didn't know any spells.
Your spell library contained the following spells:

 Spells                   Type           Power      Damage    Failure   Level
 Kiss of Death            Conj/Necr      0%         2d5       86%         1
 Confusing Touch          Hex            0%         N/A       99%         3
 Dispel Undead            Necr           0%         3d6       100%        4


Dungeon Overview and Level Annotations

Branches:
Dungeon (2/15)

Altars:
Elyvilon

Annotations:
D:2 Crazy Yiuf


Innate Abilities, Weirdness & Mutations

You have a pair of horns on your head.
You reflexively headbutt those who attack you in melee.


Message History

The goblin closely misses you.
A goblin is nearby!
You closely miss the goblin. The goblin hits you but does no damage.
A goblin is nearby!
You hit the goblin. Your headbutt misses the goblin.
The goblin is heavily wounded.
The goblin hits you with a +0 club.
A goblin is nearby!
You barely miss the goblin. Your headbutt misses the goblin.
The goblin is heavily wounded.
The goblin hits you but does no damage. The goblin hits you with a +0 club.
A goblin is nearby!
You barely miss the goblin.
The goblin is heavily wounded.
You block the goblin's attack.
A goblin is nearby!
You slash the goblin!
You kill the goblin!
p - a scroll labelled ZOEZO DAEGU Key pressed, stopping explore.
No target in view!
No target in view!
Found a stone staircase leading down.
No target in view!
A frilled lizard comes into view.
The frilled lizard hisses angrily.
A frilled lizard is nearby!
A frilled lizard is nearby!
The frilled lizard bites you but does no damage.
You barely miss the frilled lizard. The frilled lizard barely misses you.
The frilled lizard closely misses you.
A frilled lizard is nearby!
You closely miss the frilled lizard.
The frilled lizard bites you but does no damage.
A frilled lizard is nearby!
You slash the frilled lizard!
You kill the frilled lizard!
A ribbon worm comes into view.
A ribbon worm is nearby!
You block the ribbon worm's attack.
A ribbon worm is nearby!
You slash the ribbon worm!
The ribbon worm is severely wounded.
The ribbon worm expels a string of sticky webbing.
The stream of webbing hits you but does no damage.
You are caught in a web!
A ribbon worm is nearby!
A ribbon worm is nearby!
The web tears apart.
The ribbon worm bites you.
A ribbon worm is nearby!
You slash the ribbon worm!
You kill the ribbon worm!
No target in view!
You now have 94 gold pieces (gained 6).
You see here a frilled lizard corpse.
You now have 106 gold pieces (gained 12).
You now have 119 gold pieces (gained 13).
A rat comes into view.
The rat squeaks loudly.
A rat is nearby!
The rat bites you but does no damage.
A rat is nearby!
You hit the rat.
You kill the rat!
You open the door.
There is an open door here.
Found a runed translucent door.
No target in view!
Crazy Yiuf shouts!
Crazy Yiuf screams, "Buddy!"
You see here a +0 hammer.
Things that are here:
a +0 dagger; 3 stones You pick up a book of Touch and begin reading...
You add the spells Kiss of Death, Confusing Touch and Dispel Undead to your library.
You now have 137 gold pieces (gained 18).
q - a grey potion Key pressed, stopping explore.
No target in view!
No target in view!
You see here a +0 hammer.
Crazy Yiuf shouts!
No reachable target in view!
Could not explore, unopened runed door.
No reachable target in view!
Could not explore, unopened runed door.
No reachable target in view!
Could not explore, unopened runed door.
No reachable target in view!
Could not explore, unopened runed door.
You open the door.
Crazy Yiuf hits you with a +3 quarterstaff of chaos.
Crazy Yiuf freezes you.
There is an open translucent door here.
You slash Crazy Yiuf! Your headbutt misses Crazy Yiuf.
Crazy Yiuf is almost dead.
Crazy Yiuf hits you with a +3 quarterstaff of chaos!
You are electrocuted!
Ouch! That really hurt!
You die...

#.....#####...##..###........#.##
##.#..# #...##..# #.#..........
#.#..# #...#...# #.#.##....(##
##.#..############# ######.......
#.........# #....... ##.##.#####
♣♣♣♣♣####.#..# #.##.....# ####
♣♣♣.♣........... #.##.#####
#...#♣..♣..........## #.##.#
#..g@.♣♣♣♣.........## #.##.#####
#)..#♣♣ ♣♣..).....## #.##.....#
#### ♣♣##.#.#.## #......###
#.#.#.## ######.# #.#.#... #.#
### ### #####....... #.# #.# #.#
#.##..#.#### #.# #.## #.#
#.##..#.# #.# #..# #.#
#.##..#.####


You could see Crazy Yiuf.

Vanquished Creatures
  5 dart slugs
  A ribbon worm (D:2)
  3 bats
  6 endoplasms
  3 giant cockroaches (D:1)
  6 goblins
  2 hobgoblins
  3 quokkas
  A ball python (D:1)
  5 frilled lizards
  5 kobolds
  5 rats
45 creatures vanquished.

Notes
Turn   | Place    | Note
-------+----------+-------------------------------------------
     0 | D:1      | browni3141 the Minotaur Fighter began the quest for the
                  | Orb.
     0 | D:1      | Reached XP level 1. HP: 19/19 MP: 0/0
    90 | D:1      | Reached XP level 2. HP: 25/27 MP: 1/1
   197 | D:1      | Found a faded altar of an unknown god.
   248 | D:1      | Reached XP level 3. HP: 32/33 MP: 2/2
   740 | D:2      | Found a white marble altar of Elyvilon.
  1445 | D:2      | Found a runed translucent door.
  1446 | D:2      | Noticed Crazy Yiuf
  1653 | D:2      | Slain by Crazy Yiuf

Illustrated notes

Levels and vault maps discovered:
D:1:      onia_arrival_pentagram, layout_basic,
          ebering_ecumenical_altar_abandoned, hangedman_glass_teeth,
          nrook_mini_vaults
D:2:      layout_basic, basic_altar, grunt_ministairs_6, uniq_crazy_yiuf_cottage

Skill      XL: |  1  2  3 |
---------------+----------+-----
Axes           | 3 |  3.7
Shields        | 4 |  4.2
Fighting       | 4 |  4.1
Armour         | 4 |  4.1

Action                     || total
---------------------------++-------
  Melee: War axe           ||    86
         Headbutt          ||    10
 Armour: Scale mail        ||    67
  Dodge: Dodged            ||    28
  Block: Buckler           ||    14
